 Dungeon Crawl Stone Soup version 0.22.0-21-g8bd1b0a (webtiles) character file.

319 NormalPerson7T the Chopper (level 6, -4/57 HPs)
             Began as a Deep Dwarf Fighter on Aug 19, 2018.
             Slain by an ogre
             ... wielding a +0 giant club
              (24 damage)
             ... on level 4 of the Dungeon.
             The game lasted 00:03:46 (620 turns).

NormalPerson7T the Chopper (Deep Dwarf Fighter)      Turns: 620, Time: 00:03:47

Health: -4/57      AC:  7    Str: 21    XL:     6   Next: 21%
Magic:  4/4        EV:  7    Int:  9    God:
Gold:   74         SH: 10    Dex: 12    Spells: 5/5 levels left

rFire    . . .     SeeInvis .   p - +3 hand axe
rCold    . . .     Gourm    .   g - +0 shield
rNeg     . . .     Faith    .   b - +0 scale mail
rPois    .         Spirit   .   (no helmet)
rElec    .         Reflect  .   (no cloak)
rCorr    .         Harm     .   (no gloves)
MR       .....     Rnd*Tele +   (no boots)
Stlth    ..........             (no amulet)
HPRegen  0.00/turn              h - ring of teleportation (curse)
MPRegen  0.09/turn              i - ring of attention (curse)

@: non-regenerating
A: damage resistance, heal wounds, sense surroundings 1, no regeneration
a: Heal Wounds


You were on level 4 of the Dungeon.
You were not hungry.

You visited 1 branch of the dungeon, and saw 4 of its levels.

You collected 74 gold pieces.

Inventory:

Hand Weapons
 a - a +0 war axe
 j - a +0 flail of protection
 p - a +3 hand axe (weapon)
Armour
 b - a +0 scale mail (worn)
 g - a +0 shield (worn)
Jewellery
 h - a cursed ring of teleportation (left hand)
 i - a cursed ring of attention (right hand)
Wands
 e - a wand of paralysis (15)
 k - a wand of flame (17)
Scrolls
 t - a scroll of teleportation
Potions
 c - a potion of curing
 d - a potion of might
 f - 2 potions of haste
 m - a potion of heal wounds {unknown}
 n - a potion of degeneration {unknown}
 o - 2 potions of agility
Comestibles
 l - 4 rations


   Skills:
 + Level 3.7 Fighting
 * Level 4.8 Axes
 + Level 4.4 Armour
 + Level 4.5 Shields


You had 5 spell levels left.
You didn't know any spells.
Your spell library was empty.

Dungeon Overview and Level Annotations

Branches:
Dungeon (4/15)
 Temple: D:4-7

Altars:
Dithmenos
Fedhas
Nemelex Xobeh
Trog
Uskayaw


Innate Abilities, Weirdness & Mutations

You are resistant to damage.
You can heal yourself by infusing magical energy.
You passively map a small area around you.
You do not regenerate.


Message History

The puff of flame hits you!
The orc wizard points at you and mumbles some strange words.
The puff of flame misses you.
The puff of flame hits something.
Reactivating autopickup.
You feel a bit more experienced.
You slash the orc!
You kill the orc!
You closely miss the orc wizard. You block the orc wizard's attack.
The ogre hits you with a giant club.
You slash the ogre!
The ogre is moderately wounded.
You miss the orc wizard. The orc wizard hits you with a dagger.
Your shield and scale mail prevent you from hitting the ogre.
The ogre is moderately wounded.
You closely miss the orc wizard. The ogre completely misses you.
The orc wizard hits you with a dagger.
You hit the ogre.
The ogre is moderately wounded.
You closely miss the orc wizard. The ogre hits you with a giant club!!
You die...

,
....#.#####....#...#
#..............#...#
#.#.#..oo..........#
#.#.#.####a.##.#...#
,*
#.#.#oo.....%.......
#.#.#oO.O...........
#.#.#.####..........
*
#.#)#a####..##.#...
, #..@Oo......#*.# >
,, +..#o#.####... ,
,##.#.#.# , .., *
#.#.#.# * #..* *
#.#.... ,, , ,
#.###.# * ,* #.. ...
, #. .# * *


You could see an ogre, a worker ant, an orc wizard and an orc.

Vanquished Creatures
  Sigmund (D:2)
  Terence (D:3)
  2 orc wizards (D:4)
  2 adders (D:2)
  A leopard gecko (D:1)
  7 orcs
  3 giant cockroaches
  A hobgoblin (D:2)
  6 kobolds
  2 quokkas
  4 bats
  2 frilled lizards
  5 goblins
  2 rats (D:2)
39 creatures vanquished.

Vanquished Creatures (others)
  An orc wizard (D:4)
1 creature vanquished.

Grand Total: 40 creatures vanquished

Notes
Turn   | Place    | Note
-------+----------+-------------------------------------------
     0 | D:1      | NormalPerson7T the Deep Dwarf Fighter began the quest for the Orb.
     0 | D:1      | Reached XP level 1. HP: 20/20 MP: 1/1
    38 | D:2      | Reached XP level 2. HP: 27/27 MP: 2/2
    43 | D:2      | Found a shadowy altar of Dithmenos.
    65 | D:2      | Noticed Sigmund
    97 | D:2      | Killed Sigmund
    97 | D:2      | Reached XP level 3. HP: 7/34 MP: 3/3
    97 | D:2      | Reached XP level 4. HP: 9/42 MP: 4/4
    97 | D:2      | Reached XP level 5. HP: 10/49 MP: 5/5
   104 | D:2      | Your magical essence is drained by the effort!
   390 | D:3      | Noticed Terence
   394 | D:3      | Your magical essence is drained by the effort!
   411 | D:3      | Killed Terence
   520 | D:4      | Found a bloodstained altar of Trog.
   520 | D:4      | Found a blossoming altar of Fedhas.
   520 | D:4      | Found a hide-covered altar of Uskayaw.
   521 | D:4      | Found a sparkling altar of Nemelex Xobeh.
   572 | D:4      | Reached XP level 6. HP: 25/57 MP: 4/4
   620 | D:4      | Slain by an ogre

Skill      XL: |  1  2 |
---------------+-------+-----
Fighting       | 3 |  3.7
Axes           | 4 |  4.8
Armour         | 4 |  4.4
Shields        | 4 |  4.5

Action                   |  1- 3 |  4- 6 || total
-------------------------+-------+-------++-------
Melee: War axe           |    28 |    70 ||    98
       Hand axe          |       |    49 ||    49
       Flail             |       |    19 ||    19
 Abil: Heal Wounds       |     1 |     3 ||     4
  Use: Scroll            |       |     7 ||     7
Armor: Scale mail        |    10 |    78 ||    88
Dodge: Dodged            |     6 |    46 ||    52
Block: Shield            |    17 |    88 ||   105
